 Dungeon Crawl Stone Soup version 0.23.0-3-gf3c87f2 (webtiles) character file.

Game seed: 13598549210457037861

20190 Inarius the Unseen (level 12, -4/79 HPs)
             Began as a Vampire Hunter on Feb 21, 2019.
             Was a High Priest of Hepliaklqana.
             Slain by an eight-headed hydra (6 damage)
             ... on level 4 of the Lair of Beasts.
             The game lasted 00:25:38 (12569 turns).

Inarius the Unseen (Vampire Hunter)                Turns: 12569, Time: 00:25:39

Health: -4/79      AC: 22    Str: 11    XL:     12   Next: 43%
Magic:  12/12      EV: 11    Int: 16    God:    Hepliaklqana [*****.]
Gold:   422        SH: 15    Dex: 18    Spells: 11/11 levels left

rFire    + + .     SeeInvis +   L - +2 rapier of Shame {pierce, Int+4}
rCold    . . .     Gourm    .   y - +2 shield
rNeg     . . .     Faith    .   b - +8 scale mail "Lext" {rF+ Regen+ Int-3 Stlth+}
rPois    +         Spirit   .   a - +2 helmet
rElec    .         Reflect  +   t - +0 cloak
rCorr    .         Harm     .   M - +0 pair of gloves
MR       ++...                  z - +0 pair of boots
Stlth    ++++++++..             i - amulet "Hauko" {Reflect rPois rF+ SH+3}
HPRegen  0.83/turn              w - ring of stealth
MPRegen  0.13/turn              W - ring of protection from magic

@: regenerating quickly
A: rotting body, reduced essence, fangs 3, see invisible, unbreathing
a: Recall Ancestor, Ancestor Identity, Transference, Idealise, Renounce Religion


You were on level 4 of the Lair of Beasts.
You worshipped Hepliaklqana.
Hepliaklqana was extremely pleased with you.
You were full.

You visited 3 branches of the dungeon, and saw 16 of its levels.
You also visited: Ossuary.

You collected 1165 gold pieces.
You spent 743 gold pieces at shops.

Inventory:

Hand Weapons
 A - a +2 dagger of electrocution
 L - the +2 rapier of Shame (weapon) {pierce, Int+4}
   (You bought it in a shop on level 9 of the Dungeon)

   It inflicts extra damage upon your enemies.
   It affects your intelligence (+4).
 U - the +8 scimitar "Paowk" {flame, Stlth+, unknown}
   (You found it on level 1 of the Lair of Beasts)

   It has been specially enchanted to burn those struck by it, causing extra
   injury to most foes and up to half again as much damage against particularly
   susceptible opponents.
   Big, fiery blades are also staple armaments of hydra-hunters.
   It makes you more stealthy.
Missiles
 c - 5 javelins (quivered)
 d - a throwing net
 B - 17 tomahawks
 D - 4 javelins of returning
 T - 5 poisoned tomahawks
Armour
 a - a +2 helmet (worn)
 b - the +8 scale mail "Lext" (worn) {rF+ Regen+ Int-3 Stlth+}
   (You bought it in a shop on level 9 of the Dungeon)

   It affects your intelligence (-3).
   It protects you from fire.
   It increases your rate of regeneration.
   It makes you more stealthy.
 t - a +0 cloak (worn)
 y - a +2 shield (worn)
 z - a +0 pair of boots (worn)
 K - the +4 scale mail "Mutudusm" {rElec Regen+ Dex+7}
   (You found it on level 9 of the Dungeon)

   It affects your dexterity (+7).
   It insulates you from electricity.
   It increases your rate of regeneration.
 M - a +0 pair of gloves (worn)
Jewellery
 i - the amulet "Hauko" (around neck) {Reflect rPois rF+ SH+3}
   (You found it on level 5 of the Dungeon)

   [amulet of reflection]

   It shields you and reflects attacks.
   It protects you from fire.
   It protects you from poison.
   It affects your SH (+3).
 w - a ring of stealth (left hand)
 E - an uncursed ring of fire
 W - a ring of protection from magic (right hand)
Wands
 g - a wand of clouds (7)
 h - a wand of polymorph (24)
 N - a wand of iceblast (10)
 O - a wand of paralysis (7)
 P - a wand of acid (8)
 R - a wand of flame (28)
 V - a wand of random effects (13)
 Y - a wand of disintegration (29)
Scrolls
 j - 4 scrolls of enchant armour
 k - 13 scrolls of remove curse
 l - 2 scrolls of blinking
 m - 3 scrolls of enchant weapon
 n - a scroll of fear {unknown}
 o - 11 scrolls of teleportation
 p - 4 scrolls of amnesia {unknown}
 r - 3 scrolls of fog {unknown}
 x - 2 scrolls of immolation
 Q - a scroll of magic mapping
 S - 2 scrolls of silence {unknown}
 X - a scroll of vulnerability {unknown}
 Z - a scroll of acquirement {unknown}
Potions
 e - a potion of berserk rage
 f - 15 potions of curing
 q - 3 potions of resistance
 s - a potion of invisibility {unknown}
 u - 5 potions of lignification
 v - 3 potions of might
 C - 28 potions of blood
 F - 4 potions of brilliance {unknown}
 G - a potion of magic {unknown}
 H - a potion of heal wounds {unknown}
 I - a potion of mutation {unknown}
 J - 3 potions of agility


   Skills:
 + Level 6.0 Fighting
 + Level 11.1 Short Blades
 + Level 3.9 Throwing
 * Level 6.2 Armour
 + Level 7.4 Dodging
 - Level 18.3 Stealth
 + Level 6.6 Shields


You had 11 spell levels left.
You didn't know any spells.
Your spell library contained the following spells:

 Spells                   Type           Power        Failure   Level  Hunger
 Freeze                   Ice            #...         98%         1    ##.....
 Sandblast                Erth           #.....       98%         1    ##.....
 Passwall                 Tmut/Erth      #.......     99%         2    ###....
 Throw Frost              Conj/Ice       #.....       99%         2    ###....
 Ozocubu's Armour         Chrm/Ice       #.......     100%        3    ####...
 Stone Arrow              Conj/Erth      #.....       100%        3    ####...
 Petrify                  Tmut/Erth      #.......     100%        4    #####..
 Summon Ice Beast         Ice/Summ       #.......     100%        4    #####..
 Throw Icicle             Conj/Ice       #.......     100%        4    #####..
 Lee's Rapid Deconstruct  Erth           #.........   100%        5    ######.


Dungeon Overview and Level Annotations

Branches:
Dungeon (11/15)            Temple (1/1) D:6            Lair (4/6) D:8
 Shoals (0/4) Lair:2          Orc (0/2) D:10
  Snake: Lair:2-4    Spider: Lair:2-4

Altars:
Cheibriados
Elyvilon
Gozag
Hepliaklqana
Kikubaaqudgha
Makhleb
Nemelex Xobeh
Okawaru
Ru
Sif Muna
Trog
Uskayaw
Vehumet
Wu Jian
Xom
Yredelemnul
The Shining One

Shops:
D:5 ((=:   D:7 }   D:9 (***(

Annotations:
D:3 1 runed translucent door, inmateoo's ghost, weakling HaHu
D:7 2 transporters, Grum


Innate Abilities, Weirdness & Mutations

Your body is rotting away.
You thrive on raw meat.
Your natural rate of healing is unusually fast.
You have razor-sharp teeth.
You have supernaturally acute eyesight. (SInv)
You can survive without breathing.
Your life essence is reduced to manifest your ancestor. (-10% HP)


Message History

You block the eight-headed hydra's attack.
The eight-headed hydra bites you but does no damage.
The eight-headed hydra closely misses you.
Unknown command.
Unknown command.
Nefertari hits the eight-headed hydra with a +0 dagger of draining.
Unknown command.
Unknown command.
You hit the eight-headed hydra.
The eight-headed hydra is almost dead.
Nefertari barely misses the eight-headed hydra.
The eight-headed hydra bites you but does no damage. x2
The eight-headed hydra bites you.
* * * LOW HITPOINT WARNING * * *
You block the eight-headed hydra's attack.
The eight-headed hydra bites you but does no damage.
The eight-headed hydra bites you!
* * * LOW HITPOINT WARNING * * *
The eight-headed hydra bites you.
You die...

.......................
.t.........!...........
...................
#................#.
#............###
#............#
#.#P.........#
##............#
#..@.......###
#.RD.......#
......†........#
..............##
...............#
.#.............|
..#.............
...............
....#.........


You could see the friendly Nefertari the hexer, an eight-headed hydra and a
crocodile (sleeping).

Vanquished Creatures
  A fire crab (Lair:4)
  Pikel (D:8)
  An ugly thing (D:11)
  A manticore (D:11)
  3 elephants
  A gargoyle (D:6)
  A merfolk siren (Lair:2)
  Joseph (D:7)
  Psyche (D:9)
  2 spiny frogs (Lair:2)
  A rime drake (Lair:3)
  A merfolk (Lair:2)
  2 trolls
  A polar bear (Lair:2)
  Prince Ribbit (Lair:2)
  8 blink frogs
  5 hippogriffs
  Sigmund (D:2)
  A vampire (D:11)
  12 yaks
  2 wraiths (D:11)
  A wyvern (D:8)
  A human (D:10)
  Menkaure (D:7)
  4 hungry ghosts
  5 water moccasins
  5 porcupines
  A sky beast (D:6)
  4 orc warriors
  An ice beast (D:11)
  A black bear (D:8)
  A phantom (D:7)
  A slave (D:8)
  7 ogres
  4 centaurs
  3 crocodiles
  2 big kobolds
  7 bullfrogs
  A wyvern skeleton (D:10)
  3 scorpions
  6 killer bees (D:11)
  3 electric eels
  3 howler monkeys
  A quasit (D:10)
  3 hounds
  7 crimson imps
  3 jellies
  2 bullfrog skeletons
  Crazy Yiuf (D:2)
  An iron imp (D:9)
  Jessica (D:2)
  2 iguanas
  9 worker ants
  8 orc wizards
  A hound zombie (D:6)
  A hound skeleton (D:5)
  7 mummies
  A worker ant zombie (D:10)
  3 gnolls (D:7)
  14 adders
  A howler monkey skeleton (D:5)
  4 shadow imps
  4 oozes
  4 worms
  2 dart slugs (D:1)
  7 leopard geckos
  50 orcs
  A ball python (D:2)
  6 giant cockroaches
  10 goblins
  10 hobgoblins
  14 jackals
  4 quokkas
  9 bats
  6 frilled lizards
  A goblin zombie (D:8)
  A hobgoblin zombie (Ossuary)
  9 kobolds
  A kobold zombie (Ossuary)
  A leopard gecko skeleton (D:8)
  3 orc zombies
  10 rats
336 creatures vanquished.

Vanquished Creatures (collateral kills)
  A rime drake (Lair:4)
  4 blink frogs
  2 hippogriffs
  3 yaks
  A basilisk (Lair:3)
  A sky beast (D:10)
  A crocodile (Lair:3)
  An orc priest (D:9)
  2 mummies (Ossuary)
  An adder zombie (D:8)
  3 orcs
  2 kobolds
  3 hobgoblin zombies (Ossuary)
  An orc zombie (Ossuary)
26 creatures vanquished.

Vanquished Creatures (others)
  A slave (D:8)
  A lava snake (Lair:3)
  An ancestor (D:6)
  A hexer (D:9)
  2 orcs
  A fire vortex (Lair:3)
  3 plants (D:7)
10 creatures vanquished.

Grand Total: 372 creatures vanquished

Notes
Turn   | Place    | Note
-------+----------+-------------------------------------------
     0 | D:1      | Inarius the Vampire Hunter began the quest for the Orb.
     0 | D:1      | Reached XP level 1. HP: 16/16 MP: 1/1
   143 | D:1      | Reached XP level 2. HP: 14/22 MP: 2/2
   228 | D:1      | Reached skill level 1 in Short Blades
   328 | D:1      | Reached XP level 3. HP: 25/27 MP: 3/3
   562 | D:1      | Reached skill level 2 in Stealth
   628 | D:2      | Noticed Sigmund
   637 | D:2      | Killed Sigmund
   637 | D:2      | Reached skill level 1 in Armour
   637 | D:2      | Reached XP level 4. HP: 13/34 MP: 4/4
   637 | D:2      | Reached XP level 5. HP: 14/39 MP: 5/5
  1237 | D:2      | Reached XP level 6. HP: 6/46 MP: 6/6
  1476 | D:2      | Found a runed translucent door.
  1477 | D:2      | Noticed Crazy Yiuf
  1747 | D:2      | Noticed Jessica
  1750 | D:2      | Killed Jessica
  2074 | D:2      | Killed Crazy Yiuf
  2074 | D:2      | Reached skill level 3 in Stealth
  2558 | D:3      | Found a runed translucent door.
  2558 | D:3      | Noticed inmateoo's ghost (weakling HaHu)
  3001 | D:4      | Reached skill level 5 in Short Blades
  3001 | D:4      | Reached XP level 7. HP: 39/51 MP: 7/7
  3163 | D:4      | Found a glowing golden altar of the Shining One.
  3811 | D:5      | Entered Level 5 of the Dungeon
  3811 | D:5      | Found Rixtuf's Weapon Shoppe.
  3811 | D:5      | Found Amaickut's Antique Weapon Emporium.
  4130 | D:5      | Bought a +1 short sword of electrocution for 203 gold
                  | pieces
  4204 | D:5      | Got a slimy iron amulet
  4431 | D:5      | Reached skill level 1 in Shields
  4431 | D:5      | Reached XP level 8. HP: 28/58 MP: 8/8
  4529 | D:5      | Found Eheh's Book Emporium.
  4686 | D:5      | Found Wupsoly's Jewellery Shop.
  5090 | D:6      | Identified the amulet "Hauko" {Reflect rPois rF+ SH+3} (You
                  | found it on level 5 of the Dungeon)
  5095 | D:6      | Reached skill level 17 in Stealth
  5095 | D:6      | Reached XP level 9. HP: 64/64 MP: 9/9
  5103 | D:6      | Noticed a gargoyle
  5205 | D:6      | Killed a gargoyle
  5205 | D:6      | Reached skill level 5 in Dodging
  5466 | D:6      | Found a staircase to the Ecumenical Temple.
  5560 | Temple   | Entered the Ecumenical Temple
  5630 | Temple   | Became a worshipper of Hepliaklqana the Forgotten
  6174 | D:7      | Noticed Joseph
  6216 | D:7      | Killed Joseph
  6567 | D:7      | Noticed Menkaure
  6575 | D:7      | Killed Menkaure
  6606 | D:7      | Found Vonkiu's Gadget Emporium.
  6673 | D:7      | Reached skill level 18 in Stealth
  6673 | D:7      | Reached XP level 10. HP: 56/63 MP: 10/10
  6696 | D:7      | Identified the +3 scale mail "Koaczile" {+Blink rN+++
                  | Slay-4}
  6714 | D:7      | Found a transporter.
  6740 | D:7      | Noticed Grum
  6756 | D:7      | Found a transporter.
  7162 | D:8      | Reached * piety under Hepliaklqana
  7179 | D:8      | Found a sand-covered staircase.
  7215 | Ossuary  | Entered an ossuary
  7539 | D:8      | Noticed Pikel
  7554 | D:8      | Killed Pikel
  7893 | D:8      | Noticed an elephant
  7902 | D:8      | Killed an elephant
  7909 | D:8      | Found a staircase to the Lair.
  8070 | D:9      | Found Hiyvilue's Antique Weapon Boutique.
  8081 | D:9      | Got a steaming scale mail
  8083 | D:9      | Identified the +4 scale mail "Mutudusm" {rElec Regen+
                  | Dex+7} (You found it on level 9 of the Dungeon)
  8152 | D:9      | Found Botif's General Store.
  8162 | D:9      | Found Enaadose's Assorted Antiques.
  8166 | D:9      | Bought a potion of might for 56 gold pieces
  8166 | D:9      | Bought a scroll of identify for 28 gold pieces
  8172 | D:9      | Bought a translucent scale mail for 243 gold pieces
  8172 | D:9      | Bought a smoky amethyst potion for 24 gold pieces
  8192 | D:9      | Found Haiklet's Assorted Antiques.
  8198 | D:9      | Reached ** piety under Hepliaklqana
  8199 | D:9      | Remembered your ancestor Nefertari as a hexer
  8268 | D:9      | Bought a pitted rapier for 189 gold pieces
  8268 | D:9      | Identified the +2 rapier of Shame {pierce, Int+4} (You
                  | bought it in a shop on level 9 of the Dungeon)
  8276 | D:9      | Noticed Psyche
  8281 | D:9      | Killed Psyche
  8540 | D:9      | Found a snail-covered altar of Cheibriados.
  8565 | D:9      | Found Koffa's Antique Weapon Boutique.
  8934 | D:10     | Entered Level 10 of the Dungeon
  9010 | D:10     | Reached XP level 11. HP: 44/70 MP: 11/11
  9014 | D:10     | Reached *** piety under Hepliaklqana
  9112 | D:10     | Found a staircase to the Orcish Mines.
  9745 | D:11     | Identified the +8 scale mail "Lext" {rF+ Regen+ Int-3
                  | Stlth+} (You bought it in a shop on level 9 of the Dungeon)
 10028 | D:11     | Reached skill level 5 in Fighting
 10075 | D:11     | Noticed a red ugly thing
 10078 | D:11     | Killed a red ugly thing
 10078 | D:11     | Reached skill level 5 in Shields
 10109 | D:11     | Reached **** piety under Hepliaklqana
 10300 | Lair:1   | Entered Level 1 of the Lair of Beasts
 10395 | Lair:1   | Got a translucent scimitar
 11053 | Lair:2   | Reached ***** piety under Hepliaklqana
 11113 | Lair:2   | Noticed Prince Ribbit
 11117 | Lair:2   | Killed Prince Ribbit
 11124 | Lair:2   | Reached skill level 5 in Armour
 11303 | Lair:2   | Reached skill level 10 in Short Blades
 11452 | Lair:2   | Found a staircase to the Shoals.
 11791 | Lair:3   | Reached XP level 12. HP: 71/77 MP: 12/12
 12551 | Lair:4   | Noticed an eight-headed hydra
 12569 | Lair:4   | HP: 2/79 [eight-headed hydra (9)]
 12569 | Lair:4   | Slain by an eight-headed hydra

Skill      XL: |  1  2  3  4  5  6  7  8  9 10 11 12 |
---------------+-------------------------------------+-----
Fighting       | 2 3 4 5 6 |  6.0
Short Blades   | 1 3 5 6 7 8 10 11 | 11.1
Stealth        | 2 3 17 18 | 18.3
Armour         | 1 2 3 4 5 6 |  6.2
Dodging        | 3 4 5 6 7 |  7.4
Shields        | 1 2 4 5 6 |  6.6
Throwing       | |  3.9

Action                   |  1- 3 |  4- 6 |  7- 9 | 10-12 || total
-------------------------+-------+-------+-------+-------++-------
Melee: Short sword       |    96 |   277 |   215 |       ||   588
       Bite              |    11 |    24 |    44 |    65 ||   144
       Quarterstaff      |       |    12 |    10 |       ||    22
       Dagger            |       |       |   142 |   174 ||   316
       Rapier            |       |       |       |   490 ||   490
Throw: Javelin           |     9 |    11 |       |       ||    20
       Throwing net      |       |     3 |       |       ||     3
Invok: Recall Ancestor   |       |       |       |     2 ||     2
       Ancestor Life: He |       |       |       |     1 ||     1
  Use: Potion            |       |     3 |     1 |       ||     4
       Scroll            |       |       |    11 |     5 ||    16
 Stab: Sleeping          |     3 |     3 |    12 |    65 ||    83
       Distracted        |       |     2 |     1 |     7 ||    10
       Held in net/web   |       |     2 |       |       ||     2
       Confused          |       |       |       |     6 ||     6
  Eat: Corpse            |     5 |    14 |    16 |    23 ||    58
Armor: Leather armour    |    38 |    54 |    77 |    20 ||   189
       Scale mail        |       |       |       |   170 ||   170
Dodge: Dodged            |    85 |   196 |   238 |   170 ||   689
Block: Shield            |       |       |    92 |   379 ||   471
       Reflection        |       |       |     4 |     8 ||    12
